 Dungeon Crawl Stone Soup version 0.19-a0-1365-gb34f4cb (webtiles) character file.

15 mopl the Magician (level 2, -6/24 HPs)
             Began as a Troll Wizard on Sept 2, 2016.
             Shot with an arrow by a centaur (12 damage)
             ... on level 5 of the Dungeon.
             The game lasted 00:02:12 (521 turns).

mopl the Magician (Troll Wizard)                     Turns: 521, Time: 00:02:14

Health: -6/24      AC:  6    Str: 14    XL:     2   Next: 34%
Magic:  4/4        EV:  9    Int: 14    God:
Gold:   59         SH:  0    Dex:  8    Spells: 2 memorised, 2 levels left

rFire  . . .     SeeInvis .       - Unarmed
rCold  . . .     Gourm    +     a - +0 robe
rNeg   . . .     Faith    .     (no shield)
rPois  .         Spirit   .     k - +1 hat
rElec  .         Dismiss  .     (no cloak)
rCorr  .         Reflect  .     (gloves unavailable)
MR     .....     Harm     .     (boots unavailable)
Stlth  +.........               (no amulet)
                                (no ring)
                                (no ring)

@: no status effects
A: unfitting armour, claws 3, fast metabolism 3, gourmand, regeneration 1,
shaggy fur 1, tough skin 2
a: no special abilities


You were on level 5 of the Dungeon.
You were very full.

You visited 1 branch of the dungeon, and saw 5 of its levels.

You collected 59 gold pieces.

Inventory:

Armour
 a - a +0 robe (worn)
 k - a +1 hat (worn)
Scrolls
 b - a scroll of fear {unknown}
 e - 2 scrolls of enchant weapon {unknown}
 g - a scroll of teleportation {unknown}
 m - 2 scrolls of immolation {unknown}
 n - a scroll of magic mapping {unknown}
 o - a scroll of identify {unknown}
 p - a scroll of recharging {unknown}
Potions
 f - a potion of lignification {unknown}
 h - 2 potions of curing {unknown}
 l - a potion of might {unknown}
Books
 c - a book of Minor Magic

   Spells                             Type                      Level
   a - Magic Dart                     Conjuration                  1
   b - Blink                          Translocation                2
   c - Call Imp                       Summoning                    2
   d - Repel Missiles                 Charms/Air                   2
   e - Slow                           Hexes                        2
   f - Conjure Flame                  Conjuration/Fire             3
   g - Mephitic Cloud                 Conjuration/Poison/Air       3
Comestibles
 d - 3 bread rations
 i - 2 meat rations
 j - 4 chunks of flesh


   Skills:
 - Level 1.5 Dodging
 - Level 1.1 Stealth
 * Level 2.0 Unarmed Combat
 - Level 2.0 Spellcasting
 - Level 0.6 Conjurations
   Level 0.6 Summonings
 - Level 0.6 Translocations


You had 2 spell levels left.
You knew the following spells:

 Your Spells              Type           Power        Failure   Level  Hunger
a - Magic Dart            Conj           #...         21%         1    ##.....
e - Blink                 Tloc           N/A          30%         2    ###....


Dungeon Overview and Level Annotations

Branches:
Dungeon (5/15)
 Temple: D:4-7

Altars:


Innate Abilities, Weirdness & Mutations

You are too large for most types of armour.
You have claws for hands.
Your metabolism is lightning-fast.
You like to eat raw meat.
Your natural rate of healing is unusually fast.
You are covered in fur. (AC +1)
You have very tough skin. (AC +2)


Message History

Found 9 gold pieces.
Found a stone staircase leading down.
You now have 59 gold pieces (gained 9).
There is a stone staircase leading down here.
You climb downwards.
There is a stone staircase leading up here.
Found 7 gold pieces.
Found 18 gold pieces.
A centaur comes into view.
The centaur wields a shortbow.
The centaur shoots an arrow.
The arrow hits you!
Found an escape hatch in the floor.
You see here an arrow.
The centaur shoots an arrow.
The arrow closely misses you.
Things that are here:
an arrow; 7 gold pieces The centaur shoots an arrow.
The arrow hits you!
Ouch! That really hurt!
* * * LOW HITPOINT WARNING * * *
The centaur shoots an arrow.
The arrow hits you!
Ouch! That really hurt!
You die...

#.
#.##########
#.#(@.c...>.
#.#(########
#.#.# #.#.#
#.#.#######
#.......$..
###.#######
#.# #<#


You could see a centaur.

Vanquished Creatures
  A bat (D:2)
  2 giant cockroaches
  2 hobgoblins
  2 giant newts (D:2)
  4 goblins
  A kobold (D:1)
  3 rats
15 creatures vanquished.

Notes
Turn   | Place    | Note
-------+----------+-------------------------------------------
     0 | D:1      | mopl the Troll Wizard began the quest for the Orb.
     0 | D:1      | Reached XP level 1. HP: 16/16 MP: 2/2
    73 | D:1      | Reached skill level 1 in Unarmed Combat
   262 | D:2      | Reached XP level 2. HP: 23/24 MP: 4/4
   313 | D:2      | Learned a level 2 spell: Blink
   315 | D:1      | Reached skill level 2 in Unarmed Combat
   512 | D:5      | Entered Level 5 of the Dungeon
   519 | D:5      | Noticed a centaur
   521 | D:5      | Shot with an arrow by a centaur

Vault maps used:
D:1:      minmay_arrival_plants_in_alcoves, nrook_mini_backslash,
          hangedman_decor_riveting, serial_bayou_ford_a
D:4:      uniq_robin
D:5:      first_bread

Skill      XL: |  1  2 |
---------------+-------+-----
Unarmed Combat | 1 2 |  2.0
Dodging        | |  1.5
Stealth        | |  1.1
Spellcasting   | |  2.0
Conjurations   | |  0.6
Summonings     | |  0.6
Translocations | |  0.6

Action                   || total
-------------------------++-------
Melee: Unarmed           ||    31
 Stab: Sleeping          ||     1
  Eat: Chunk             ||     9
Armor: Robe              ||    14
Dodge: Dodged            ||    27
